IL
SCRANTON WB RAILRIDERS @ TACOMA RAINIERS
07/04/2048
 
TOP OF THE 1ST
Scranton WB RailRiders batting - Pitching for Tacoma Rainiers : RHP Tyler Rayner
Pitching: RHP Tyler Rayner
Batting: RHB Devon Utley 0-0: Called Strike
0-1: Ball
1-1: Ball
2-1: Foul Ball, location: 2F
2-2: Foul Ball, location: 2F
2-2: Ball
3-2: Strikes out looking
Batting: LHB Aaron Joyner 0-0: Fly out, F8 (Line Drive, 78D, EV 98.8 MPH)
Batting: SHB Mukhtar Wa'il 0-0: Ball
1-0: Ground out U3 (Groundball, 3, EV 96.9 MPH)
Top of the 1st over - 0 runs, 0 hits, 0 errors, 0 left on base; Scranton WB 0 - Tacoma 0
BOTTOM OF THE 1ST
Tacoma Rainiers batting - Pitching for Scranton WB RailRiders : RHP Jason Sterner
Pitching: RHP Jason Sterner
Batting: RHB Brad Robidas 0-0: Ball
1-0: Ball
2-0: Ball
3-0: Called Strike
3-1: Swinging Strike
3-2: Foul Ball, location: 2F
3-2: Base on Balls
Batting: RHB Enrique Valdez 0-0: Called Strike
0-1: Ball
1-1: Ball
2-1: Ball
3-1: Base on Balls
Brad Robidas to second
Batting: LHB Ryan Lowe 0-0: Ball
1-0: Called Strike
1-1: Foul Ball, location: 2F
1-2: Fly out, F8 (Line Drive, 8RD, EV 90.0 MPH)
Batting: SHB Ray Skogen 0-0: Called Strike
0-1: Fly out, F8 (Flyball, 89D, EV 88.8 MPH)
Runner from 2nd tags up, SAFE at 3rd, no throw by CF
Batting: RHB Rick Ellis 0-0: Called Strike
0-1: Fly out, F9 (Flyball, 9S, EV 91.2 MPH)
Bottom of the 1st over - 0 runs, 0 hits, 0 errors, 2 left on base; Scranton WB 0 - Tacoma 0
TOP OF THE 2ND
Scranton WB RailRiders batting - Pitching for Tacoma Rainiers : RHP Tyler Rayner
Batting: SHB Ryan Buchbinder 0-0: Called Strike
0-1: Ball
1-1: Ball
2-1: Foul Ball, location: 2F
2-2: Ball
3-2: Fly out, F8 (Flyball, 78D, EV 99.4 MPH)
Batting: LHB Dan Morris 0-0: Ball
1-0: Called Strike
1-1: Swinging Strike
1-2: Strikes out swinging
Batting: RHB Andy Wasierski 0-0: Fly out, F9 (Flyball, 89D, EV 91.2 MPH)
Top of the 2nd over - 0 runs, 0 hits, 0 errors, 0 left on base; Scranton WB 0 - Tacoma 0
BOTTOM OF THE 2ND
Tacoma Rainiers batting - Pitching for Scranton WB RailRiders : RHP Jason Sterner
Batting: RHB Josh Ruhl 0-0: Ball
1-0: Ball
2-0: Ball
3-0: Called Strike
3-1: SINGLE (Line Drive, 6MD, EV 101.2 MPH)
Batting: RHB Chris Olheiser 0-0: Ball
1-0: Ball
2-0: Ball
3-0: Called Strike
3-1: Base on Balls
Josh Ruhl to second
Batting: RHB Zach Downs 0-0: Called Strike
0-1: Swinging Strike
0-2: Ball
1-2: Ball
2-2: Strikes out looking
Batting: RHB Max Schellekens 0-0: Ball
1-0: Swinging Strike
1-1: Foul Ball, location: 2F
1-2: SINGLE (Line Drive, 9LS, EV 103.8 MPH)
Josh Ruhl to third
Chris Olheiser to second
Runner from 3rd tries for Home, SAFE, throw by RF to home
Batting: RHB Brad Robidas 0-0: Called Strike
0-1: Ball
Wild Pitch!
Chris Olheiser to third
Max Schellekens to second
1-1: Called Strike
1-2: Ball
2-2: Strikes out swinging
Batting: RHB Enrique Valdez 0-0: Fly out, F8 (Flyball, 78M, EV 93.1 MPH)
Bottom of the 2nd over - 1 run, 2 hits, 0 errors, 2 left on base; Scranton WB 0 - Tacoma 1
TOP OF THE 3RD
Scranton WB RailRiders batting - Pitching for Tacoma Rainiers : RHP Tyler Rayner
Batting: SHB Jose Vargas 0-0: Called Strike
0-1: Swinging Strike
0-2: Ball
1-2: Ball
2-2: Ground out U3 (Groundball, 34, EV 104.4 MPH)
Batting: RHB Josh Zoglmann 0-0: Called Strike
0-1: SINGLE (Groundball, 6M, EV 96.9 MPH)
Batting: SHB Joe Fure 0-0: Ball
1-0: SINGLE (Flyball, 34D, EV 98.8 MPH)
Josh Zoglmann to second
Batting: RHB Devon Utley 0-0: Ball
1-0: Fielders Choice at 2nd, 3-6 (Groundball, 34S, EV 79.4 MPH)
Josh Zoglmann to third
Batting: LHB Aaron Joyner 0-0: Ball
1-0: Foul Ball, location: 2F
1-1: Ground out U3 (Groundball, 3L, EV 80.6 MPH)
Top of the 3rd over - 0 runs, 2 hits, 0 errors, 2 left on base; Scranton WB 0 - Tacoma 1
BOTTOM OF THE 3RD
Tacoma Rainiers batting - Pitching for Scranton WB RailRiders : RHP Jason Sterner
Batting: LHB Ryan Lowe 0-0: Called Strike
0-1: Foul Ball, location: 2F
0-2: Ball
1-2: Strikes out looking
Batting: SHB Ray Skogen 0-0: Ball
1-0: SOLO HOME RUN (Flyball, 89XD, EV 102.5 MPH), Distance : 402 ft
Batting: RHB Rick Ellis 0-0: Called Strike
0-1: Ball
1-1: Ball
2-1: Fly out, F8 (Flyball, 8LD, EV 94.4 MPH)
Batting: RHB Josh Ruhl 0-0: Ground out 2-3 (Groundball, 2L, EV 67.5 MPH)
Bottom of the 3rd over - 1 run, 1 hit, 0 errors, 0 left on base; Scranton WB 0 - Tacoma 2
TOP OF THE 4TH
Scranton WB RailRiders batting - Pitching for Tacoma Rainiers : RHP Tyler Rayner
Batting: SHB Mukhtar Wa'il 0-0: Called Strike
0-1: Ball
1-1: Foul Ball, location: 2F
1-2: Strikes out swinging
Batting: SHB Ryan Buchbinder 0-0: Fly out, F7 (Flyball, 78M, EV 95.6 MPH)
Batting: LHB Dan Morris 0-0: Foul Ball, location: 2F
0-1: Swinging Strike
0-2: Ball
1-2: Ball
2-2: Strikes out swinging
Top of the 4th over - 0 runs, 0 hits, 0 errors, 0 left on base; Scranton WB 0 - Tacoma 2
BOTTOM OF THE 4TH
Tacoma Rainiers batting - Pitching for Scranton WB RailRiders : RHP Jason Sterner
Batting: RHB Chris Olheiser 0-0: Called Strike
0-1: Called Strike
0-2: Ball
1-2: Ball
2-2: SINGLE (Groundball, 56, EV 104.4 MPH)
Batting: RHB Zach Downs 0-0: Called Strike
0-1: Ball
1-1: Ball
2-1: Foul Ball, location: 2F
2-2: Ball
3-2: Foul Ball, location: 2F
3-2: Foul Ball, location: 2F
3-2: Strikes out swinging
Batting: RHB Max Schellekens 0-0: Ball
1-0: Ball
2-0: Ball
3-0: Called Strike
3-1: Called Strike
3-2: Foul Ball, location: 2F
3-2: Grounds into double play, 6-4-3 (Groundball, 56D, EV 106.2 MPH)
Bottom of the 4th over - 0 runs, 1 hit, 0 errors, 0 left on base; Scranton WB 0 - Tacoma 2
TOP OF THE 5TH
Scranton WB RailRiders batting - Pitching for Tacoma Rainiers : RHP Tyler Rayner
Batting: RHB Andy Wasierski 0-0: Ball
1-0: Called Strike
1-1: Foul Ball, location: 2F
1-2: Fly out, F4 (Popup, 4D, EV 63.8 MPH)
Batting: SHB Jose Vargas 0-0: Ball
1-0: Foul Ball, location: 2F
1-1: Ground out 4-3 (Groundball, 4D, EV 86.2 MPH)
Batting: RHB Josh Zoglmann 0-0: Foul Ball, location: 2F
0-1: Ball
1-1: Called Strike
1-2: Ball
2-2: Foul Ball, location: 2F
2-2: Ball
3-2: Foul Ball, location: 2F
3-2: Foul Ball, location: 2F
3-2: Ground out 6-3 (Groundball, 6, EV 82.5 MPH)
Top of the 5th over - 0 runs, 0 hits, 0 errors, 0 left on base; Scranton WB 0 - Tacoma 2
BOTTOM OF THE 5TH
Tacoma Rainiers batting - Pitching for Scranton WB RailRiders : RHP Jason Sterner
Batting: RHB Brad Robidas 0-0: Called Strike
0-1: Fly out, F6 (Popup, 4MD, EV 70.6 MPH)
Batting: RHB Enrique Valdez 0-0: Swinging Strike
0-1: Called Strike
0-2: SINGLE (Groundball, 56D, EV 100.0 MPH)
Batting: LHB Ryan Lowe 0-0: Ball
Enrique Valdez is caught stealing 2nd base 2-6
1-0: Ball
2-0: Called Strike
2-1: Ground out U3 (Groundball, 34S, EV 85.0 MPH)
Bottom of the 5th over - 0 runs, 1 hit, 0 errors, 0 left on base; Scranton WB 0 - Tacoma 2
TOP OF THE 6TH
Scranton WB RailRiders batting - Pitching for Tacoma Rainiers : RHP Tyler Rayner
Batting: SHB Joe Fure 0-0: Ball
1-0: Called Strike
1-1: Ball
2-1: Ball
3-1: Ground out 4-3 (Groundball, 4, EV 90.6 MPH)
Batting: RHB Devon Utley 0-0: Ball
1-0: Called Strike
1-1: Ball
2-1: Foul Ball, location: 2F
2-2: DOUBLE (Groundball, 5L, EV 108.8 MPH)
Batting: LHB Aaron Joyner 0-0: Called Strike
0-1: Fly out, F7 (Flyball, 7, EV 95.0 MPH)
Batting: SHB Mukhtar Wa'il 0-0: Ball
1-0: Ball
2-0: Called Strike
2-1: Swinging Strike
2-2: Foul Ball, location: 2F
2-2: Strikes out swinging
Top of the 6th over - 0 runs, 1 hit, 0 errors, 1 left on base; Scranton WB 0 - Tacoma 2
BOTTOM OF THE 6TH
Tacoma Rainiers batting - Pitching for Scranton WB RailRiders : RHP Jason Sterner
Batting: SHB Ray Skogen 0-0: Called Strike
0-1: Swinging Strike
0-2: Foul Ball, location: 2F
0-2: Ball
1-2: Ground out 4-3 (Groundball, 4, EV 83.1 MPH)
Batting: RHB Rick Ellis 0-0: Ball
1-0: Single, Error in OF, E7, batter to second base (Groundball, 56D, EV 99.4 MPH)
Batting: RHB Josh Ruhl 0-0: Ball
1-0: Ball
2-0: Foul Ball, location: 2F
2-1: Ball
3-1: Called Strike
3-2: Base on Balls
Pitching: RHP Jim Milch
Batting: RHB Chris Olheiser 0-0: Grounds into double play, 4-6-3 (Groundball, 34D, EV 80.0 MPH)
Bottom of the 6th over - 0 runs, 1 hit, 1 error, 1 left on base; Scranton WB 0 - Tacoma 2
TOP OF THE 7TH
Scranton WB RailRiders batting - Pitching for Tacoma Rainiers : RHP Tyler Rayner
Now in LF: Kagetoki Kawai
Batting: SHB Ryan Buchbinder 0-0: Ground out 4-3 (Groundball, 4, EV 88.1 MPH)
Batting: LHB Dan Morris 0-0: Reached on error, E5 (Groundball, 56S, EV 87.5 MPH)
Batting: RHB Andy Wasierski 0-0: Fly out, F7 (Flyball, 78S, EV 84.4 MPH)
Batting: SHB Jose Vargas 0-0: Ball
1-0: Called Strike
1-1: Swinging Strike
1-2: SINGLE (Line Drive, 7LM, EV 109.4 MPH)
Dan Morris to second
Pinch Hitting: LHB Paul Diaz 0-0: TRIPLE (Flyball, 8LXD, EV 88.8 MPH)
Dan Morris scores
Jose Vargas scores
Pitching: RHP Sid Lampone
Batting: SHB Joe Fure 0-0: Ball
1-0: Ball
2-0: Called Strike
2-1: Foul Ball, location: 2F
2-2: Ball
3-2: Strikes out swinging
Top of the 7th over - 2 runs, 2 hits, 1 error, 1 left on base; Scranton WB 2 - Tacoma 2
BOTTOM OF THE 7TH
Tacoma Rainiers batting - Pitching for Scranton WB RailRiders : RHP Jim Milch
Now at 2B: Paul Diaz
Now at SS: Andy Wasierski
Batting: LHB Josh Pittman 0-0: Ball
1-0: SINGLE (Groundball, 4D, EV 98.8 MPH)
Batting: RHB Max Schellekens 0-0: Ball
1-0: Called Strike
1-1: Hit by Pitch
Josh Pittman to second
Batting: RHB Brad Robidas 0-0: Sac Bunt to 3S - play at first, batter OUT! 3-1
Josh Pittman to third
Max Schellekens to second
Batting: RHB Enrique Valdez 0-0: Ball
1-0: Ball
2-0: Called Strike
2-1: Foul Ball, location: 2F
2-2: Ball
3-2: SINGLE (Groundball, 6, EV 106.9 MPH)
Josh Pittman scores
Max Schellekens to third
Runner from 3rd tries for Home, SAFE, throw by CF to home
Batting: LHB Ryan Lowe 0-0: Foul Ball, location: 2F
0-1: Foul Ball, location: 2F
0-2: Ball
1-2: Ball
2-2: Foul Ball, location: 2F
2-2: Foul Ball, location: 2F
2-2: Ball
3-2: Fly out, F9 (Flyball, 89S, EV 91.2 MPH)
Batting: SHB Ray Skogen 0-0: Ball
1-0: SINGLE (Flyball, 56D, EV 90.0 MPH)
Enrique Valdez to second
Batting: RHB Kagetoki Kawai 0-0: Foul Ball, location: 2F
0-1: Called Strike
0-2: Ball
1-2: Ball
2-2: Ball
3-2: Strikes out swinging
Bottom of the 7th over - 2 runs, 3 hits, 0 errors, 2 left on base; Scranton WB 2 - Tacoma 4
TOP OF THE 8TH
Scranton WB RailRiders batting - Pitching for Tacoma Rainiers : RHP Sid Lampone
Batting: RHB Devon Utley 0-0: Swinging Strike
0-1: Called Strike
0-2: Ball
1-2: Fly out, F8 (Line Drive, 8RD, EV 96.9 MPH)
Batting: LHB Aaron Joyner 0-0: Called Strike
0-1: Ground out 5-3 (Groundball, 56, EV 86.9 MPH)
Batting: SHB Mukhtar Wa'il 0-0: Ball
1-0: Called Strike
1-1: Called Strike
1-2: Fly out, F9 (Flyball, 89M, EV 83.1 MPH)
Top of the 8th over - 0 runs, 0 hits, 0 errors, 0 left on base; Scranton WB 2 - Tacoma 4
BOTTOM OF THE 8TH
Tacoma Rainiers batting - Pitching for Scranton WB RailRiders : RHP Jim Milch
Pitching: RHP Ricky Mercer
Batting: RHB Josh Ruhl 0-0: Foul Ball, location: 2F
0-1: Ball
1-1: Ground out 6-3 (Groundball, 6MD, EV 85.0 MPH)
Batting: RHB Chris Olheiser 0-0: Fly out, F9 (Flyball, 9D, EV 100.0 MPH)
Batting: LHB Josh Pittman 0-0: Called Strike
0-1: Ground out 4-3 (Groundball, 4, EV 98.1 MPH)
Bottom of the 8th over - 0 runs, 0 hits, 0 errors, 0 left on base; Scranton WB 2 - Tacoma 4
TOP OF THE 9TH
Scranton WB RailRiders batting - Pitching for Tacoma Rainiers : RHP Sid Lampone
Pitching: LHP Adam Parrish
Batting: SHB Ryan Buchbinder 0-0: Ball
1-0: Called Strike
1-1: Ball
2-1: Foul Ball, location: 2F
2-2: Foul Ball, location: 2F
2-2: Ball
3-2: Ground out 6-3 (Groundball, 6, EV 106.9 MPH)
Batting: LHB Dan Morris 0-0: Ground out 4-3 (Groundball, 4MS, EV 75.6 MPH)
Batting: RHB Andy Wasierski 0-0: Ball
1-0: TRIPLE (Flyball, 89XD, EV 110.6 MPH)
Batting: SHB Jose Vargas 0-0: Called Strike
0-1: Ball
1-1: Swinging Strike
1-2: Strikes out swinging
Top of the 9th over - 0 runs, 1 hit, 0 errors, 1 left on base; Scranton WB 2 - Tacoma 4
Tuesday, March 28th , 2023 - OOTP Baseball 23.10 Build 110